 Dungeon Crawl Stone Soup version 0.17.1-2-g5865329 (webtiles) character file.

2764 FortyThree the Carver (level 9, 0/83 HPs)
             Began as a Green Draconian Berserker on Feb 9, 2016.
             Was an Elder of Trog.
             Slain by an unseen horror (7 damage)
             ... on level 7 of the Dungeon.
             The game lasted 00:15:11 (8095 turns).

FortyThree the Carver (Green Draconian Berserker)   Turns: 8095, Time: 00:15:11

Health: 0/83       AC: 12    Str: 20    XL:     9   Next: 42%
Magic:  9/9        EV: 13    Int:  7    God:    Trog [****..]
Gold:   201        SH:  0    Dex: 14    Spells: 0 memorised, 8 levels left

rFire  + . .     SeeInvis .     a - +1 falchion
rCold  . . .     Clarity  .     (armour unavailable)
rNeg   . . .     SustAt   .     (no shield)
rPois  +         Gourm    .     (helmet restricted)
rElec  .         Spirit   .     m - +1 cloak
rCorr  .         Warding  .     (no gloves)
rMut   .         Stasis   .     t - +2 pair of boots {Fly}
MR     .....                    (no amulet)
Stlth  +.........               x - ring of fire
                                h - ring of protection from cold

@: flying, not resistant to hostile enchantments, very unstealthy
A: breathe noxious fumes, unfitting armour, poison resistance, cold-blooded, AC
+7
a: Breathe Noxious Fumes, Berserk, Trog's Hand, Brothers in Arms, Burn
Spellbooks, Renounce Religion, Stop Flying


You were on level 7 of the Dungeon.
You worshipped Trog.
Trog was greatly pleased with you.
You were very hungry.

You visited 1 branch of the dungeon, and saw 7 of its levels.

You collected 313 gold pieces.
You spent 112 gold pieces at shops.

Inventory:

Hand Weapons
 a - a +1 falchion (weapon)
Armour
 m - a +1 cloak (worn)
 t - a +2 pair of boots of flying (worn)
Jewellery
 h - a ring of protection from cold (left hand)
 x - a ring of fire (right hand)
Wands
 d - a wand of flame (34)
 y - a wand of random effects (28)
Scrolls
 c - 2 scrolls of fog
 n - a scroll of identify
 q - 4 scrolls of magic mapping
 r - a scroll of remove curse
Potions
 e - a potion of mutation
 g - 5 potions of curing
 j - a potion of berserk rage {unknown}
 o - a potion of agility
 v - 2 potions of lignification
 w - a potion of magic {unknown}
Comestibles
 b - 4 bread rations
 f - 2 slices of pizza
 k - 4 meat rations
 u - a fruit


   Skills:
 + Level 9.0 Fighting
 * Level 10.8 Long Blades
 - Level 2.6 Dodging


You had 8 spell levels left.
You didn't know any spells.

Dungeon Overview and Level Annotations

Branches:
Dungeon (7/15)
 Temple: D:4-7

Altars:
Cheibriados
Elyvilon
Qazlal
Ru
Trog
The Shining One

Shops:
D:4 }   D:6 *


Innate Abilities, Weirdness & Mutations

You can breathe blasts of noxious fumes.
Your lurid green scales are hard (AC +7).
Your body does not fit into most forms of armour.
Your system is resistant to poisons.
You are cold-blooded and may be slowed by cold attacks.


Message History

You bump into the rock wall.
You feel less invigorated.
You feel less confused. Something hits you but does no damage.
Something hits you but does no damage. Something hits you but does no damage.
Something hits you but does no damage. Something hits you.
* * * LOW HITPOINT WARNING * * *
Something hits you.
* * * LOW HITPOINT WARNING * * *
Something hits you but does no damage. Something hits you.
* * * LOW HITPOINT WARNING * * *
Something hits you but does no damage. Something hits you.
* * * LOW HITPOINT WARNING * * *
A quasit comes into view.
Something hits you.
* * * LOW HITPOINT WARNING * * *
Something hits you!
You die...

......##..#.....#.#.......####...
#########.#.....#.#.......# #...
#.#.....#.#...########...
#......##.#...# #........
#......##.#...###........
#......##.#...#..........
#......##..[............#
###########..####..........######
................@.<.5......#
####..........####.........#
####........#.# #.....##'##
...'........#.## ##........#
####........#..####).......#
#.#.###.....).).†)).....#
#.#.......#.####........#
#.#######.#.# #.........# #.#
#.#.. #.........#


You could see a quasit.

Vanquished Creatures
  Joseph (D:7)
  The ghost of Uhlv the Covered, a novice HOFi (D:4)
  Grinder (D:3)
  Sigmund (D:3)
  2 hungry ghosts
  A phantom (D:7)
  2 centaurs
  A big kobold (D:7)
  2 scorpions
  3 crimson imps
  2 giant frog skeletons
  A hound (D:5)
  A centaur skeleton (D:7)
  3 orc priests
  A quasit (D:5)
  Ijyb (D:3)
  5 orc wizards
  Jessica (D:3)
  Natasha (thrice) (D:3)
  8 worker ants
  3 iguanas
  Robin (D:2)
  8 adders
  4 gnolls (D:2)
  An ooze (D:5)
  3 adder skeletons
  4 worms
  A giant gecko (D:2)
  25 orcs
  3 ball pythons
  5 giant cockroaches
  9 hobgoblins
  7 jackals (D:6)
  7 quokkas
  10 bats
  A giant cockroach zombie (D:6)
  3 giant newts
  12 goblins
  13 kobolds
  A quokka skeleton (D:7)
  8 rats
170 creatures vanquished.

Vanquished Creatures (others)
  A quokka (D:3)
1 creature vanquished.

Grand Total: 171 creatures vanquished

Notes
Turn   | Place    | Note
--------------------------------------------------------------
     0 | D:1      | FortyThree the Draconian Berserker began the quest for the Orb.
     0 | D:1      | Reached XP level 1. HP: 19/19 MP: 1/1
   235 | D:1      | Reached XP level 2. HP: 27/27 MP: 2/2
   432 | D:1      | Reached skill level 4 in Fighting
   797 | D:1      | Reached ** piety under Trog
   904 | D:2      | Reached XP level 3. HP: 33/33 MP: 3/3
  1502 | D:2      | Noticed Robin
  1515 | D:2      | Killed Robin
  1515 | D:2      | Reached XP level 4. HP: 22/41 MP: 4/4
  2464 | D:2      | Found a bloodstained altar of Trog.
  2572 | D:2      | Reached XP level 5. HP: 47/47 MP: 5/5
  2660 | D:3      | Reached *** piety under Trog
  2660 | D:3      | Reached skill level 5 in Fighting
  2836 | D:3      | Noticed Grinder
  2848 | D:3      | Killed Grinder
  2848 | D:3      | Reached skill level 5 in Long Blades
  2848 | D:3      | Reached XP level 6. HP: 57/57 MP: 6/6
  2878 | D:3      | Noticed Natasha
  2893 | D:3      | Killed Natasha
  3065 | D:3      | Found a sacrificial altar of Ru.
  3081 | D:3      | Found a glowing golden altar of the Shining One.
  3106 | D:3      | Noticed Natasha
  3114 | D:3      | Killed Natasha
  3114 | D:3      | Reached skill level 6 in Long Blades
  3340 | D:3      | Noticed Natasha
  3349 | D:3      | Killed Natasha
  3555 | D:3      | Noticed Ijyb
  3580 | D:3      | Killed Ijyb
  3609 | D:3      | Noticed Sigmund
  3614 | D:3      | Killed Sigmund
  3614 | D:3      | Your scales start taking on a lurid green colour.
  3614 | D:3      | Gained mutation: Your system is resistant to poisons. [Green Draconian growth]
  3614 | D:3      | Reached XP level 7. HP: 47/63 MP: 7/7
  3820 | D:3      | Noticed Jessica
  3823 | D:3      | Found a white marble altar of Elyvilon.
  3825 | D:3      | Killed Jessica
  3843 | D:3      | Reached skill level 7 in Long Blades
  4597 | D:4      | Found a stormy altar of Qazlal.
  5033 | D:4      | Found Opaxis's Gadget Emporium.
  5096 | D:4      | Noticed Uhlv's ghost (novice HOFi)
  5110 | D:4      | Killed Uhlv's ghost
  5110 | D:4      | Reached skill level 8 in Long Blades
  5110 | D:4      | Reached XP level 8. HP: 51/73 MP: 8/8
  5412 | D:4      | Reached **** piety under Trog
  5712 | D:5      | Entered Level 5 of the Dungeon
  6265 | D:5      | Found a snail-covered altar of Cheibriados.
  6365 | D:5      | Reached skill level 9 in Long Blades
  6786 | D:6      | Found Sawnaix's Assorted Antiques.
  6794 | D:6      | Bought a pair of runed boots for 112 gold pieces
  7353 | D:7      | Noticed Joseph
  7463 | D:7      | Killed Joseph
  7463 | D:7      | Reached skill level 10 in Long Blades
  7463 | D:7      | Reached XP level 9. HP: 82/82 MP: 9/9
  8095 | D:7      | Slain by an unseen horror

Action                   |  1- 3 |  4- 6 |  7- 9 || total
-------------------------+-------+-------+-------++-------
Melee: Falchion          |   137 |   135 |   446 ||   718
Invok: Berserk           |       |     2 |     4 ||     6
       Trog's Hand       |       |     1 |     2 ||     3
 Abil: Breathe Noxious F |       |       |     1 ||     1
  Use: Scroll            |       |       |    17 ||    17
       Potion            |       |       |     2 ||     2
 Stab: Sleeping          |     1 |       |     2 ||     3
  Eat: Chunk             |     2 |     6 |    19 ||    27
       Pizza             |       |     1 |       ||     1
       Fruit             |       |       |     5 ||     5
       Royal jelly       |       |       |     2 ||     2
       Bread ration      |       |       |     1 ||     1
